 Dungeon Crawl Stone Soup version 0.23-a0-151-gf6d1ed2 (webtiles) character file.

5 Amnesiac the Skirmisher (level 1, 0/18 HPs)
             Began as a Mummy Abyssal Knight on Sept 8, 2018.
             Was an Initiate of Lugonu.
             Slain by a giant cockroach (1 damage)
             ... on level 1 of the Dungeon.
             The game lasted 00:00:46 (344 turns).

Amnesiac the Skirmisher (Mummy Abyssal Knight)       Turns: 344, Time: 00:00:47

Health: 0/18       AC:  3    Str: 15      XL:     1   Next: 66%
Magic:  2/2        EV: 11    Int:  8 (11) God:    Lugonu [......]
Gold:   14         SH:  0    Dex: 11      Spells: 0/0 levels left

rFire    x . .     SeeInvis .   a - +1 short sword
rCold    + . .     Gourm    .   (no shield)
rNeg     + + +     Faith    .   b - +0 leather armour
rPois    ∞         Spirit   .   (no helmet)
rElec    .         Reflect  .   (no cloak)
rCorr    .         Harm     .   (no gloves)
MR       .....                  (no boots)
Stlth    +.........             (no amulet)
HPRegen  0.06/turn              (no ring)
MPRegen  0.08/turn              (no ring)

@: no status effects
A: no food or potions, fire vulnerability, cold resistance 1, negative energy
resistance 3, torment resistance, unbreathing
a: Renounce Religion


You were on level 1 of the Dungeon.
You worshipped Lugonu.
Lugonu was noncommittal.
You were not hungry.

You visited 1 branch of the dungeon, and saw 1 of its levels.
You visited the Abyss 1 time.

You collected 14 gold pieces.

Inventory:

Hand Weapons
 a - a +1 short sword (weapon)
Armour
 b - a +0 leather armour (worn)


   Skills:
 - Level 3.0 Fighting
 + Level 2.0 Short Blades
 - Level 1.5 Armour
 - Level 0.7 Dodging
 - Level 1.5 Invocations


You couldn't memorise any spells.
You didn't know any spells.
Your spell library was empty.

Dungeon Overview and Level Annotations

Branches:
Dungeon (1/15)

Altars:


Innate Abilities, Weirdness & Mutations

You do not eat or drink.
Your flesh is vulnerable to fire.
You are immune to poison.
Your flesh is cold resistant. (rC+)
You are immune to negative energy. (rN+++)
You are immune to unholy pain and torment.
You can survive without breathing.


Message History

The rat bites you.
* * * LOW HITPOINT WARNING * * *
The giant cockroach barely misses you. The kobold hits you with a short sword.
* * * LOW HITPOINT WARNING * * *
You closely miss the rat. The bat hits you but does no damage.
The rat barely misses you.
The giant cockroach bites you but does no damage.
The kobold hits you with a short sword.
* * * LOW HITPOINT WARNING * * *
You are too injured to fight recklessly!
You are too injured to fight recklessly!
You are too injured to fight recklessly!
You are too injured to fight recklessly!
You are too injured to fight recklessly!
You are too injured to fight recklessly!
You are too injured to fight recklessly!
You are too injured to fight recklessly!
You are too injured to fight recklessly!
You are too injured to fight recklessly!
You are too injured to fight recklessly!
You are too injured to fight recklessly!
You are too injured to fight recklessly!
You are too injured to fight recklessly!
You are too injured to fight recklessly!
You are too injured to fight recklessly!
You are too injured to fight recklessly!
You are too injured to fight recklessly!
You are too injured to fight recklessly!
You are too injured to fight recklessly!
You are too injured to fight recklessly!
You are too injured to fight recklessly!
You are too injured to fight recklessly!
You are too injured to fight recklessly!
The giant cockroach waves its antennae.
The bat misses you.
The giant cockroach falls off the door.
A kobold opens the door.
The bat barely misses you.
The giant cockroach completely misses you.
The bat closely misses you. The giant cockroach barely misses you.
The bat hits you.
* * * LOW HITPOINT WARNING * * *
The bat hits you but does no damage. The bat closely misses you.
A kobold opens the door.
You hit the bat.
You kill the bat!
Lugonu accepts your kill. The giant cockroach closely misses you.
You hit the kobold.
You kill the kobold!
Lugonu accepts your kill.
Your Short Blades skill increases to level 2!
The giant cockroach barely misses you. x2
A kobold comes into view.
The kobold shouts!
You hit the rat.
You kill the rat!
Lugonu accepts your kill.
Found a mace.
You see here a scroll labeled NOLAANIGAGEN {!r}.
You hit the giant cockroach.
The giant cockroach is almost dead.
The giant cockroach bites you but does no damage.
The giant cockroach bites you.
You die...

####.. ######....
### ..........
..#
.........++++++.#
.........+....+.#
.........+....+.#
......)..'..<.+)#
.........'÷...+@#
.........'''+++s#
...........)†..K#
........######.##
......... #.#
......... #.#
......... #.#
.....(...# ..#
....... .##


You could see a giant cockroach and a kobold.

Vanquished Creatures
  2 kobolds (D:1)
  A bat (D:1)
  A frilled lizard (D:1)
  3 rats (D:1)
7 creatures vanquished.

Vanquished Creatures (others)
  2 starspawn tentacles (Abyss:2)
2 creatures vanquished.

Grand Total: 9 creatures vanquished

Notes
Turn   | Place    | Note
-------+----------+-------------------------------------------
     0 | Abyss:1  | Amnesiac the Mummy Abyssal Knight began the quest for the
                  | Orb.
     0 | Abyss:1  | Reached XP level 1. HP: 18/18 MP: 2/2
    13 | Abyss:2  | Found a corrupted altar of Lugonu.
    24 | Abyss:2  | Noticed an ice devil
    62 | Abyss:2  | Noticed a freezing wraith
    75 | Abyss:2  | Noticed a neqoxec
    78 | Abyss:2  | Noticed an iron imp
    82 | Abyss:2  | Noticed a tentacled starspawn
    84 | Abyss:2  | Noticed a neqoxec
    90 | Abyss:2  | Noticed a raiju
    90 | Abyss:2  | Noticed a raiju
    92 | D:1      | Escaped the Abyss
   344 | D:1      | Slain by a giant cockroach

Vault maps used:
D:1:      lightli_arrival_maybe_door_vault

Skill      XL: |  1 |
---------------+----+-----
Short Blades   | 2 |  2.0
Fighting       | |  3.0
Armour         | |  1.5
Dodging        | |  0.7
Invocations    | |  1.5

Action                   || total
-------------------------++-------
Melee: Short sword       ||    17
Invok: Depart the Abyss  ||     1
Armor: Leather armour    ||     9
Dodge: Dodged            ||    33

Table legend:
 A = Non-vault XP
 B = Vault XP
 C = Vault XP percentage of total XP
 D = Non-vault monster count
 E = Vault monster count
 F = Vault count percentage of total count
                 A         B        C        D         E       F
            +---------+---------+-------+---------+---------+-------
      Total |       8 |       0 |   0.0 |       7 |       0 |   0.0
            +---------+---------+-------+---------+---------+-------
        D:1 |       8 |       0 |   0.0 |       7 |       0 |   0.0
            +---------+---------+-------+---------+---------+-------
